 Dungeon Crawl Stone Soup version 0.30.1 (webtiles) character file.

Game seed: 3973477220026510199

422 LynnLen the Covert (level 6, -5/28 HPs)
             Began as a Spriggan Enchanter on July 4, 2023.
             Killed from afar by an orc wizard (7 damage)
             ... with a magic dart
             ... on level 3 of the Dungeon.
             The game lasted 00:10:29 (2955 turns).

LynnLen the Covert (Spriggan Enchanter)             Turns: 2955, Time: 00:10:29

Health: -5/28      AC:  2    Str:  4    XL:     6   Next: 63%
Magic:  13/13      EV: 17    Int: 19    God:
Gold:   158        SH:  0    Dex: 15    Spells: 8/13 levels left

rFire   . . .        k - +1 short sword (holy)
rCold   . . .        (no shield)
rNeg    . . .        b - +0 robe
rPois   .            (helmet restricted)
rElec   .            (no cloak)
rCorr   .            (gloves unavailable)
SInv    +            (boots unavailable)
Will    +....        (no amulet)
Stlth   ++++         (no ring)
HPRegen 0.24/turn    (no ring)
MPRegen 0.13/turn

%: no passive effects
@: very quick
A: very small, no large weapons, unfitting armour, see invisible, speed 3
a: no special abilities


You were on level 3 of the Dungeon.
You visited 1 branch of the dungeon, and saw 3 of its levels.
You also visited: Sewer.

You collected 158 gold pieces.

Inventory:

Hand Weapons
 g - a +2 whip of electrocution
 k - a +1 short sword of holy wrath (weapon)
Armour
 b - a +0 robe (worn)
Jewellery
 d - a +5 ring of evasion
Wands
 a - a wand of digging (5)
 f - a wand of paralysis (6)
Scrolls
 e - 2 scrolls of identify
 i - a scroll of fog
 j - a scroll of blinking
 l - a scroll of acquirement {unknown}
Potions
 c - 2 potions of invisibility


   Skills:
 + Level 2.0 Short Blades
 - Level 2.6 Dodging
 + Level 9.0 Stealth
 + Level 4.3 Spellcasting
 + Level 5.4 Hexes


You had 8 spell levels left.
You knew the following spells:

 Your Spells              Type           Power      Damage    Failure   Level
a - Ensorcelled Hibernat  Hex/Ice        28%        N/A       7%          2
b - Confusing Touch       Hex            24%        N/A       4%          3

Your spell library contained the following spells:

 Spells                   Type           Power      Damage    Failure   Level
 Tukima's Dance           Hex            24%        N/A       4%          3
 Dazzling Flash           Conj/Hex       28%        N/A       13%         3


Dungeon Overview and Level Annotations

Branches:
Dungeon (3/15)              Sewer (visited)

Altars:

Shops:
D:1 *

Annotations:
D:1 2 transporters


Innate Abilities, Weirdness & Mutations

You are very small and have problems with some larger weapons.
You are too small for most types of armour.
You have supernaturally acute eyesight. (SInv)
You cover ground extremely quickly. (Speed+++)


Message History

An endoplasm comes into view.
You see here a scroll of identify.
You see here a scroll of fog.
The helpless endoplasm fails to defend itself.
You impale the endoplasm!!
You kill the endoplasm!
An orc wizard and an orc priest come into view.
You barely miss the rat. The rat closely misses you.
You closely miss the rat. The rat misses you.
The orc wizard gestures wildly while chanting.
The orc wizard flickers and vanishes for a moment.
The orc priest shouts!
You hear a shout!
You barely miss the rat. The rat bites you but does no damage.
You hit the rat.
You kill the rat!
An orc comes into view. It is wielding a +0 flail.
Found 19 gold pieces.
Found a stone staircase leading up.
The orc wizard points at you and mumbles some strange words.
You are confused.
You see here a rat corpse.
You bump into the rock wall.
The orc priest mumbles some strange prayers to Beogh against you.
Beogh smites you!
Ouch! That really hurt!
Found a scroll labelled VENAANNIOSM.
Unknown command.
You're too confused to move!
The orc priest mumbles some strange prayers to Beogh against you.
The orc wizard writhes in agony!
The orc wizard misses you.
You feel better. The orc priest hits you with a +0 club.
The orc wizard casts a spell at you. The magic dart hits you!
You see here a rat corpse.
The orc wizard gestures at you while chanting.
The puff of flame hits you!
* * * LOW HITPOINT WARNING * * *
The orc wizard points at you and mumbles some strange words.
The magic dart hits you!
You die...

. .#### #...# #...#
#...# #...# #...#
#.#.##########..o#
.#........@..o..#
...###....####o## ##
#.# #....# ....
...#..##....# .<$..#
..........# ......#
#.###..#....# ......#
#........?..#..?....#
#####.?#.#### #####
##### ##.#.#####


You could see an orc priest, an orc wizard (invisible) and an orc.

Vanquished Creatures
  Sigmund (D:2)
  2 bullfrogs (Sewer)
  A river rat (D:3)
  2 adders
  2 dart slugs
  3 bats
  15 endoplasms
  9 giant cockroaches
  4 goblins
  8 kobolds
  12 quokkas
  19 ball pythons
  12 frilled lizards
  5 rats
95 creatures vanquished.

Notes
Turn   | Place    | Note
-------+----------+-------------------------------------------
     0 | D:1      | LynnLen the Spriggan Enchanter began the quest for the Orb.
     0 | D:1      | Reached XP level 1. HP: 9/9 MP: 5/5
    38 | D:1      | Found Bodaq's Assorted Antiques.
   143 | D:1      | Reached XP level 2. HP: 13/13 MP: 6/6
   146 | D:1      | Learned a level 2 spell: Ensorcelled Hibernation
   202 | D:1      | Reached skill level 5 in Stealth
   820 | D:1      | Reached XP level 3. HP: 13/16 MP: 0/8
   892 | D:1      | Learned a level 3 spell: Confusing Touch
  1263 | D:2      | Noticed Sigmund
  1289 | D:2      | Killed Sigmund
  1290 | D:2      | Reached skill level 8 in Stealth
  1290 | D:2      | Reached skill level 5 in Hexes
  1290 | D:2      | Reached XP level 4. HP: 11/21 MP: 0/10
  1290 | D:2      | Reached XP level 5. HP: 13/24 MP: 0/11
  1910 | D:3      | Found a glowing drain.
  1928 | Sewer    | Entered a sewer
  2326 | Sewer    | Reached XP level 6. HP: 25/28 MP: 12/12
  2735 | Sewer    | Reached skill level 9 in Stealth
  2954 | D:3      | HP: 1/28 [orc wizard/puff of flame (9)]
  2955 | D:3      | Killed from afar by an orc wizard

Illustrated notes

Levels and vault maps discovered:
D:1:      spicycebolla_arrival_transporter_tutorial, layout_basic, serial_shops,
          nicolae_shop_tiny_glass, chequers_serial_rivers_room_b
D:2:      layout_loops_cross, kennysheep_generic_room_13, uniq_sigmund
D:3:      layout_basic, cheibrodos_ashenzari_chains, vehumet_crystals,
          dancing_weapons_uskayaw, gup_sewer_entry_bubbles,
          grunt_decor_mini_mirrors

Skill      XL: |  1  2  3  4  5  6 |
---------------+-------------------+-----
Hexes          | 4 5 |  5.4
Stealth        | 5 8 9 |  9.0
Spellcasting   | 3 4 |  4.3
Short Blades   | 2 |  2.0
Dodging        | |  2.6

Action                     |  1- 3 |  4- 6 || total
---------------------------+-------+-------++-------
  Melee: Dagger            |    89 |    28 ||   117
         Short sword       |       |   180 ||   180
         Punch             |       |     1 ||     1
   Cast: Ensorcelled Hiber |     8 |    32 ||    40
         Confusing Touch   |       |     2 ||     2
    Use: Scroll            |     3 |     3 ||     6
         Potion            |     1 |     3 ||     4
   Stab: Sleeping          |    14 |    24 ||    38
         Invisible         |     1 |       ||     1
         Confused          |       |     1 ||     1
 Armour: Robe              |     8 |    28 ||    36
  Dodge: Dodged            |    58 |   253 ||   311
